 Dungeon Crawl Stone Soup version 0.31.0 (webtiles) character file.

Game seed: 4910396892902803441

370 Sobieck the Shooter (level 6, -1/44 HPs)
             Began as a Mummy Hunter on Jan 19, 2024.
             Was an Initiate of Qazlal.
             Splashed by a jelly's acid (8 damage)
             ... on level 4 of the Dungeon.
             The game lasted 00:05:50 (3323 turns).

Sobieck the Shooter (Mummy Hunter)                  Turns: 3323, Time: 00:05:50

Health: -1/44      AC: -5    Str: 14    XL:     6   Next: 42%
Magic:  15/15      EV: 11    Int:  9    God:    Qazlal [......]
Gold:   201        SH:  0    Dex: 17    Spells: 5/5 levels left

rFire   x . .        a - +0 shortbow
rCold   + . .        (shield currently unavailable)
rNeg    + + +        c - +0 leather armour
rPois   ∞            (no helmet)
rElec   .            (no cloak)
rCorr   .            (no gloves)
SInv    .            (no boots)
Will    +....        r - amulet of regeneration
Stlth   ++           m - ring of willpower
HPRegen 1.07/turn    o - ring of magical power
MPRegen 0.14/turn

%: faith
@: about to teleport, corroded
A: cold resistance 1, negative energy resistance 3, torment resistance 2, heat
vulnerability 1, in touch with death 1, no potions, faith
a: Renounce Religion


You were on level 4 of the Dungeon.
You worshipped Qazlal.
Qazlal was noncommittal.
You visited 2 branches of the dungeon, and saw 6 of its levels.

You collected 201 gold pieces.

Inventory:

Hand Weapons
 a - a +0 shortbow (weapon)
Armour
 c - a +0 leather armour (worn)
Magical Staves
 p - a staff of death
Jewellery
 d - a ring of wizardry
 m - a ring of willpower (left hand)
 o - a ring of magical power (right hand)
 r - an amulet of regeneration (around neck)
Wands
 k - a wand of roots (14)
Scrolls
 b - a scroll of revelation {unknown}
 n - a scroll of enchant armour
 T - 3 scrolls of teleportation


   Skills:
 - Level 2.0 Fighting
 + Level 6.5 Ranged Weapons
 - Level 1.5 Dodging
 - Level 0.7 Stealth


You had 5 spell levels left.
You didn't know any spells.
Your spell library was empty.

Dungeon Overview and Level Annotations

Branches:
Dungeon (5/15)             Temple (1/1) D:4

Altars:
Cheibriados
Dithmenos
Fedhas
Gozag
Kikubaaqudgha
Makhleb
Nemelex Xobeh
Okawaru
Qazlal
Ru
Trog
Uskayaw
Vehumet
Wu Jian
Xom
Yredelemnul

Shops:
D:4 !!*


Innate Abilities, Weirdness & Mutations

You are immune to poison.
Your flesh is cold resistant. (rC+)
You are immune to negative energy. (rN+++)
You are immune to unholy pain and torment.
You are vulnerable to heat. (rF-)
You are in touch with the powers of death.
You do not drink.
You have a special connection with the divine. (Faith)


Message History

You hear the brisk rusting of a drain nearby.
There is a stone staircase leading up here.
Unknown command.
Unknown command.
Unknown command.
Unknown command.
What are your orders? t - Shout!
Orders for allies: a - Attack new target. r - Retreat! s - Stop attacking. g - Guard the area. f - Follow me.
Anything else - Cancel.
You shout for attention!
A jelly comes into view.
Danger!
A jelly is nearby!
Unknown command.
Unknown command.
You shoot an arrow. The arrow hits the jelly.
The jelly is moderately wounded.
You shoot an arrow. The arrow barely misses the jelly.
You can't go down here!
The jelly hits you. The acid corrodes you!
You are splashed with acid!
You climb upwards.
There is a stone staircase leading down here.
You shoot an arrow.
The arrow hits the jelly but does no damage.
The jelly is moderately wounded.
The jelly closely misses you.
You shoot an arrow. The arrow barely misses the jelly.
The jelly completely misses you.
You shoot an arrow. The arrow hits the jelly.
The jelly is moderately wounded.
The jelly hits you.
You are splashed with acid!
You shoot an arrow.
The arrow hits the jelly but does no damage.
The jelly is moderately wounded.
The jelly hits you.
You are splashed with acid!
Unknown command.
You shoot an arrow.
The arrow hits the jelly but does no damage.
The jelly is moderately wounded.
The jelly hits you.
You are splashed with acid!
* * * LOW HITPOINT WARNING * * *
Unknown command.
As you read the scroll of teleportation, it crumbles to dust.
You feel strangely unstable. The jelly hits you.
* * * LOW HITPOINT WARNING * * *
The acid corrodes you!
You are splashed with acid!
You die...

#!.........######..###
#......(...##.....##
####..........##.#####
#.............##.#
#................#
#...............##
#.......###'###.#
######### #.# #J# #.#
#@# #.# ### #.# #.#
#.# ############.#
.............#
##############


You could see a jelly.

Vanquished Creatures
  2 ogres (D:4)
  An orc priest (D:3)
  An iguana (D:5)
  6 adders
  2 dart slugs
  7 orcs
  8 endoplasms
  3 giant cockroaches
  8 goblins
  9 hobgoblins
  2 jackals (D:1)
  6 quokkas
  9 ball pythons
  6 bats
  3 frilled lizards
  5 kobolds
  10 rats
88 creatures vanquished.

Notes
Turn   | Place    | Note
-------+----------+-------------------------------------------
     0 | D:1      | Sobieck the Mummy Hunter began the quest for the Orb.
     0 | D:1      | Reached XP level 1. HP: 16/16 MP: 1/1
    42 | D:1      | Reached XP level 2. HP: 20/22 MP: 2/2
   235 | D:1      | Reached skill level 4 in Ranged Weapons
   292 | D:1      | Reached XP level 3. HP: 27/27 MP: 3/3
   360 | D:1      | Found a faded altar of an unknown god.
  1318 | D:3      | Reached XP level 4. HP: 29/33 MP: 4/4
  1410 | D:3      | Reached skill level 5 in Ranged Weapons
  2004 | D:4      | Found Ceycekhlyck's Distillery.
  2017 | D:4      | Found a staircase to the Ecumenical Temple.
  2028 | D:4      | Reached XP level 5. HP: 38/38 MP: 5/5
  2032 | Temple   | Entered the Ecumenical Temple
  2048 | Temple   | Became a worshipper of Qazlal Stormbringer
  2084 | D:4      | Found a blossoming altar of Fedhas.
  2157 | D:4      | Found a sparkling altar of Nemelex Xobeh.
  2164 | D:4      | Noticed an ogre
  2456 | D:4      | Found Zin's Purification Station.
  2486 | D:4      | Noticed an ogre
  2773 | D:4      | Killed an ogre
  2986 | D:4      | Reached skill level 6 in Ranged Weapons
  3002 | D:4      | Found Sasypox's Distillery.
  3107 | D:5      | Entered Level 5 of the Dungeon
  3128 | D:5      | Reached XP level 6. HP: 44/44 MP: 6/6
  3133 | D:5      | Noticed an ice beast
  3274 | D:5      | Noticed a two-headed ogre
  3323 | D:4      | Splashed by a jelly's acid

Illustrated notes

Levels and vault maps discovered:
D:1:      wander_arrival_estate, layout_basic,
          shapermc_ecumenical_altar_totnotflames, minmay_3d_cube
D:2:      layout_rooms
D:3:      layout_loops_ring
D:4:      layout_basic, zin_purify, fedhas_altar_3, lemuel_crystal_altar,
          minmay_temple_entry_stoned_glass, serial_shops, nicolae_shop_crystal,
          kennysheep_windowed_goal
D:5:      layout_cave_pools, lightli_sewer_entry_pipes
Temple:   eino_temple_rhombus

Skill      XL: |  1  2  3  4  5 |
---------------+----------------+-----
Ranged Weapons | 4 5 6 |  6.5
Fighting       | |  2.0
Dodging        | |  1.5
Stealth        | |  0.7

Action                     |  1- 3 |  4- 6 || total
---------------------------+-------+-------++-------
   Fire: Shortbow          |   143 |   150 ||   293
    Use: Scroll            |       |    12 ||    12
 Armour: Leather armour    |    55 |    40 ||    95
  Dodge: Dodged            |    54 |    38 ||    92
